AoeStats
← Broots

MegaRandom

509934302Analyzed
2v2 RM · 5d ago on Sep 28, 2026· 27m 50s· 4 players
Game mode
Random Map
Map size
Medium (4 player)
Population
200
Speed
Normal
Resources
Standard
Victory
Conquest
Starting age
Dark Age
Ending age
Imperial Age
RankedLock teamsTeams togetherTeam positionsShared explorationLock speedFull tech treeHidden civsTurbo modeCheats
Victory
Defeat
🇩🇪 Japanese · Germany
996
+13
🇩🇪 Magyars · Germany
996
+13
🇦🇷 Portuguese · Argentina
953
-14
🇨🇳 Danes · China
906
-12
83716497273
Matt901
7:15 Loom
9:52 Feudal Age
10:47 Double-Bit Axe
13:54 Town Watch
15:48 Wheelbarrow
19:08 Castle Age
17:52 Horse Collar
18:19 Gold Mining
19:03 Bloodlines
20:13 Bow Saw
22:20 Scale Mail Armor
23:27 Pikeman
onerom
4:08 Loom
10:36 Feudal Age
12:49 Horse Collar
12:56 Double-Bit Axe
17:45 Castle Age
18:30 Corvinian Army
18:37 Scale Barding Armor
25:33 Husbandry
Broots
8:48 Loom
9:41 Loom
11:32 Feudal Age
15:46 Castle Age
14:17 Horse Collar
15:59 Loom
16:57 Forging
16:47 Scale Mail Armor
16:50 Arson
17:39 Double-Bit Axe
20:56 Scale Mail Armor
22:56 Chain Mail Armor
26:05 Iron Casting
Connection lost

Rejoining the realm…

Still unreachable

The connection could not be restored.

Session expired

The server has moved on; the page needs a fresh start.